 Dungeon Crawl Stone Soup version 0.16-a0-3533-gc382f62 (webtiles) character file.

109 Kemay the Changer (level 4, -6/28 HPs)
             Began as an Octopode Transmuter on Jan 8, 2015.
             Mangled by Grinder (11 damage)
             ... while paralysed by Grinder
             ... on level 3 of the Dungeon.
             The game lasted 00:10:38 (3209 turns).

Kemay the Changer (Octopode Transmuter)             Turns: 3209, Time: 00:10:38

Health: -6/28      AC:  2    Str:  9    XL:     4   Next: 90%
Magic:  5/7        EV:  5    Int: 16    God:
Gold:   82         SH:  0    Dex: 17    Spells: 2 memorised, 3 levels left

rFire  + . .     SeeInvis .       - Unarmed
rCold  . . .     Clarity  .     (shield currently unavailable)
rNeg   . . .     SustAb   .     (helmet currently unavailable)
rPois  x         Gourm    .     (no amulet)
rElec  .         Spirit   .     i - ring of wizardry
rCorr  .         Warding  .     j - ring of protection from fire
rMut   .         Stasis   .     l - ring of stealth
MR     .....                    (no ring)
Stlth  +++.......               (no ring)
                                (no ring)
                                (no ring)
                                (no ring)

@: paralysed, spider-form, not resistant to hostile enchantments, fairly
stealthy
A: almost no armour, amphibious, 8 rings, (constrict 8), (camouflage 0),
(gelatinous body 0)
a: End Transformation


You were on level 3 of the Dungeon.
You were not hungry.
You were a venomous arachnid creature.
You visited 1 branch of the dungeon, and saw 3 of its levels.

You collected 82 gold pieces.

Inventory:

Jewellery
 i - a ring of wizardry (left front leg)
 j - a ring of protection from fire (right front leg)
 l - a ring of stealth (on tentacle)
Potions
 b - a potion of curing
 e - a potion of invisibility
 g - a potion of agility {unknown}
 h - a potion of decay {unknown}
Books
 d - a book of Changes

   Spells                             Type                      Level
   a - Beastly Appendage              Transmutation                1
   b - Sticks to Snakes               Transmutation                2
   c - Spider Form                    Transmutation/Poison         3
   d - Ice Form                       Ice/Transmutation            4
   e - Blade Hands                    Transmutation                5
Comestibles
 a - 2 bread rations
 f - 4 fruits


   Skills:
 - Level 1.0 Fighting
 - Level 2.0 Dodging
 + Level 3.7 Unarmed Combat
 - Level 2.0 Spellcasting
 - Level 4.0 Transmutations
 - Level 1.6 Poison Magic


You had 3 spell levels left.
You knew the following spells:

 Your Spells              Type           Power        Failure   Level  Hunger
a - Beastly Appendage     Trmt           ##....       6%          1    #......
b - Spider Form           Trmt/Pois      ##........   17%         3    ###....


Dungeon Overview and Level Annotations

Branches:
Dungeon (3/15)

Altars:
Ashenzari
Cheibriados
Vehumet
Xom
Yredelemnul

Annotations:
D:3 Grinder; dysrexia's ghost, average VSBe


Innate Abilities, Weirdness & Mutations

You cannot wear most types of armour.
You are amphibious.
You can wear up to eight rings at the same time.
((You can use your tentacles to constrict many enemies at once.))
((Your skin changes colour to match your surroundings (Stealth).))
((Your rubbery body absorbs attacks (AC +1).))


Message History

Grinder is lightly wounded.
Grinder gestures at you. Pain shoots through your body!
* * * LOW HITPOINT WARNING * * *
You closely miss Grinder.
Grinder is lightly wounded.
Grinder misses you.
You hit Grinder.
Grinder is moderately wounded.
Grinder gestures at you. Pain shoots through your body!
* * * LOW HITPOINT WARNING * * *
You barely miss Grinder.
Grinder is moderately wounded.
You hit Grinder.
Grinder is moderately wounded.
Grinder gestures at you.
You suddenly lose the ability to move!
Grinder hits you!
You die...

#########
#.......#
#.#####.###
##P#.#P##
#..#s#.b#
#PP.#5#..P#
#####.#P..#
........#..b#
.########.P.#
#P.P.P..PP#
##.bP.P.P#
#.PP..## #


You could see Grinder.

Vanquished Creatures
  3 adders (D:2)
  3 worms (D:2)
  4 giant geckos
  4 oozes
  An orc (D:3)
  6 goblins
  9 hobgoblins
  3 jackals (D:1)
  A quokka (D:2)
  4 bats
  A giant cockroach (D:1)
  8 kobolds
  13 rats
60 creatures vanquished.

Notes
Turn   | Place    | Note
--------------------------------------------------------------
     0 | D:1      | Kemay, the Octopode Transmuter, began the quest for the Orb.
     0 | D:1      | Reached XP level 1. HP: 13/13 MP: 3/3
   303 | D:1      | Reached XP level 2. HP: 9/18 MP: 2/4
  1137 | D:1      | Reached XP level 3. HP: 17/23 MP: 4/6
  1142 | D:1      | Learned a level 3 spell: Spider Form
  1955 | D:2      | Reached skill level 1 in Poison Magic
  2161 | D:2      | Found a radiant altar of Vehumet.
  2162 | D:2      | Found a basalt altar of Yredelemnul.
  2164 | D:2      | Found a shimmering altar of Xom.
  2164 | D:2      | Found a snail-covered altar of Cheibriados.
  2166 | D:2      | Found a shattered altar of Ashenzari.
  2194 | D:2      | Reached XP level 4. HP: 26/28 MP: 3/7
  2281 | D:2      | Reached skill level 4 in Transmutations
  2918 | D:3      | Noticed dysrexia's ghost (average VSBe)
  3196 | D:3      | Noticed Grinder
  3208 | D:3      | Paralysed by Grinder for 7 turns
  3209 | D:3      | Mangled by Grinder

Action                   |  1- 3 |  4- 6 || total
-------------------------+-------+-------++-------
Melee: Unarmed           |    97 |    72 ||   169
 Cast: Beastly Appendage |    18 |     2 ||    20
       Spider Form       |     2 |     8 ||    10
 Abil: End Transformatio |    10 |       ||    10
  Use: Scroll            |     3 |     5 ||     8
 Stab: Sleeping          |     2 |     2 ||     4
  Eat: Chunk             |     5 |     4 ||     9
